 Dungeon Crawl Stone Soup version 0.19-a0-1223-gf83d13a (console) character file.

2956 flowsnake the Carver (level 9, -1/124 HPs)
             Began as a Minotaur Berserker on Aug 24, 2016.
             Was an Elder of Trog.
             Slain by a tengu warrior
             ... wielding a +3 halberd
              (4 damage)
             ... on level 8 of the Dungeon.
             The game lasted 00:26:07 (4871 turns).

flowsnake the Carver (Minotaur Berserker)           Turns: 4871, Time: 00:26:08

Health: -1/124     AC: 21    Str: 30    XL:     9   Next: 52%
Magic:  8/8        EV: 10    Int:  4    God:    Trog [****..]
Gold:   425        SH:  0    Dex: 10    Spells: 0 memorised, 8 levels left

rFire  . . .     SeeInvis .     a - +0 long sword
rCold  . . .     Gourm    .     G - +4 chain mail
rNeg   . . .     Faith    .     (no shield)
rPois  +         Spirit   .     (helmet restricted)
rElec  .         Dismiss  .     j - +0 cloak
rCorr  .         Reflect  .     (no gloves)
MR     .....     Harm     .     (no boots)
Stlth  ..........               k - amulet of magic regeneration
                                E - +5 ring of protection
                                z - ring of poison resistance

@: berserking (expiring), very quick
A: retaliatory headbutt, horns 2
a: Berserk, Trog's Hand, Brothers in Arms, Burn Spellbooks, Renounce Religion


You were on level 8 of the Dungeon.
You worshipped Trog.
Trog was greatly pleased with you.
You were hungry.

You visited 1 branch of the dungeon, and saw 8 of its levels.

You collected 425 gold pieces.

Inventory:

Hand Weapons
 a - a +0 long sword (weapon)
 b - a +2 hand axe of chopping
 e - a +2 falchion
 L - a +0 falchion
Missiles
 l - 8 needles of paralysis
 x - 4 tomahawks (quivered)
Armour
 j - a +0 cloak (worn)
 A - a +2 chain mail of fire resistance
 G - a +4 chain mail (worn)
Jewellery
 k - an amulet of magic regeneration (around neck)
 n - an uncursed amulet of guardian spirit {unknown}
 z - a ring of poison resistance (left hand)
 E - a +5 ring of protection (right hand)
 F - an uncursed ring of protection from magic
 M - the ring of Day {+Fly Dex+7 SInv}
   (You found it on level 7 of the Dungeon)

   [ring of flight]

   It affects your dexterity (+7).
   It lets you see invisible.
   It lets you fly.
Wands
 r - a wand of heal wounds (4/9)
Scrolls
 i - a scroll of enchant armour
 t - 3 scrolls of teleportation
 u - a scroll of magic mapping
Potions
 f - a potion of berserk rage
 g - 2 potions of agility
 h - 6 potions of curing
 m - 2 potions of flight
 q - a potion of brilliance {unknown}
 s - a potion of mutation {unknown}
 v - a potion of invisibility {unknown}
 w - a potion of might {unknown}
 B - a potion of resistance {unknown}
 C - 2 potions of heal wounds {unknown}
 I - 2 potions of haste {unknown}
 K - a potion of cure mutation {unknown}
Books
 p - a Necronomicon

   Spells                             Type                      Level
   a - Haunt                          Necromancy/Summoning         7
   b - Borgnjor's Revivification      Necromancy                   8
   c - Death's Door                   Charms/Necromancy            8
   d - Infestation                    Necromancy                   8
   e - Necromutation                  Transmutation/Necromancy     8
   Trog disapproves of the use of such an item.
 y - a book of Beasts

   Spells                             Type                      Level
   a - Summon Butterflies             Summoning                    1
   b - Call Canine Familiar           Summoning                    3
   c - Summon Ice Beast               Ice/Summoning                4
   d - Summon Mana Viper              Hexes/Summoning              5
   e - Summon Hydra                   Summoning                    7
   Trog disapproves of the use of such an item.
 H - a book of Party Tricks

   Spells                             Type                      Level
   a - Summon Butterflies             Summoning                    1
   b - Apportation                    Translocation                1
   c - Tukima's Dance                 Hexes                        3
   d - Alistair's Intoxication        Transmutation/Poison         5
   e - Invisibility                   Hexes                        6
   Trog disapproves of the use of such an item.
Comestibles
 c - 4 bread rations
 d - 5 meat rations
 o - 4 beef jerkies
 D - 7 slices of pizza
 J - 2 fruits
 N - 3 chunks of flesh


   Skills:
 + Level 9.1 Fighting
 + Level 10.3 Long Blades
 + Level 9.7 Armour
 - Level 2.1 Dodging
 - Level 0.1 Evocations


You had 8 spell levels left.
You didn't know any spells.

Dungeon Overview and Level Annotations

Branches:
Dungeon (8/15)             Temple (0/1) D:4
   Lair: D:8-11

Altars:
Fedhas
Makhleb
Qazlal
Uskayaw
The Shining One

Shops:
D:5 *


Innate Abilities, Weirdness & Mutations

You reflexively headbutt those who attack you in melee.
You have a pair of horns on your head.


Message History

The tengu warrior hits you with an enchanted halberd!
* * * LOW HITPOINT WARNING * * *
The tengu warrior closely misses you.
The tengu warrior claws you but does no damage.
You slash the tengu warrior! Your headbutt misses the tengu warrior.
The tengu warrior is moderately wounded.
Your chain mail prevents you from hitting the tengu warrior.
Your headbutt misses the tengu warrior.
The tengu warrior is moderately wounded.
The tengu warrior hits you but does no damage.
The tengu warrior pecks you but does no damage.
The tengu warrior claws you.
* * * LOW HITPOINT WARNING * * *
You are too berserk!
You miss the tengu warrior.
The tengu warrior is moderately wounded.
You closely miss the tengu warrior. You headbutt the tengu warrior!
The tengu warrior is heavily wounded.
The tengu warrior hits you with an enchanted halberd.
You die... █·█ █·███ ███ ██··██ ███·█ ██··███··██ ██·····██ ██···██ ██████ ████

██··██ ██····██ █···██
█···██ █······██
██··█··█·· ██····████
███··███··████···██···█
██········████···██
██··██···(███·██
█···████········██
███···███·██·██ ██·███
███······█
██···███·█·█c ██·██
███····██ █····████·██
█··█ ██····██
██·Q·^···Ψ·· █·██
██·····██ ██H·████·██
██·█ ██·······██
█··███·█·█J █··█
██·········█
█)███·██·██ █·██
██··········█
█····███·██ █·█
██············
██···██···█ █·█
█████············█
██··█··█·· ███
███··)·············█
█········
██····)·············█
······█·
█··················██


██████ █···<·············██ █··················█ █·······<··········█
█················ █···········>··· █··············· You could see a tengu
warrior.

Vanquished Creatures
  Sigmund (D:4)
  2 wyverns (D:8)
  A human (D:7)
  A yak (D:7)
  A hog (D:7)
  Menkaure (D:5)
  An orc warrior (D:8)
  3 ice beasts
  2 sky beasts (D:7)
  A centaur (D:6)
  4 giant frogs
  5 wights (D:5)
  A howler monkey (D:4)
  A centaur zombie (D:5)
  4 hounds
  3 orc priests
  2 giant frog skeletons
  2 orc wizards
  A centaur skeleton (D:7)
  Jessica (D:3)
  Terence (D:3)
  3 iguanas
  A worker ant (D:4)
  2 sheep (D:7)
  A hound zombie (D:5)
  11 adders
  A howler monkey skeleton (D:7)
  2 river rats (D:3)
  A shadow imp (D:6)
  An ooze (D:6)
  An adder zombie (D:7)
  An adder skeleton (D:6)
  5 dart slugs
  2 giant geckos
  14 orcs
  4 ball pythons
  7 bats
  6 giant cockroaches
  3 goblins
  9 hobgoblins
  4 jackals (D:3)
  9 kobolds
  A quokka (D:5)
  4 giant newts
  2 quokka skeletons (D:4)
  A quokka zombie (D:6)
  11 rats
146 creatures vanquished.

Notes
Turn   | Place    | Note
-------+----------+-------------------------------------------
     0 | D:1      | flowsnake the Minotaur Berserker began the quest for the Orb.
     0 | D:1      | Reached XP level 1. HP: 19/19 MP: 0/0
   143 | D:1      | Reached skill level 4 in Long Blades
   146 | D:1      | Reached XP level 2. HP: 27/27 MP: 1/1
   664 | D:1      | Reached XP level 3. HP: 32/34 MP: 2/2
  1178 | D:2      | Found a glowing golden altar of the Shining One.
  1187 | D:2      | Reached ** piety under Trog
  1487 | D:3      | Reached XP level 4. HP: 30/41 MP: 3/3
  1493 | D:3      | Reached skill level 5 in Long Blades
  1511 | D:3      | Noticed Terence
  1522 | D:3      | Killed Terence
  1522 | D:3      | Reached skill level 5 in Fighting
  1770 | D:3      | Noticed Jessica
  1774 | D:3      | Killed Jessica
  1774 | D:3      | Reached XP level 5. HP: 34/48 MP: 4/4
  1828 | D:3      | Found a blossoming altar of Fedhas.
  1841 | D:3      | Found a burning altar of Makhleb.
  1841 | D:3      | Found a stormy altar of Qazlal.
  1975 | D:3      | Lost intelligence.
  2046 | D:3      | Found a glowing drain.
  2209 | D:4      | Reached *** piety under Trog
  2380 | D:4      | Reached XP level 6. HP: 49/57 MP: 5/5
  2431 | D:4      | Reached skill level 6 in Long Blades
  2722 | D:4      | Found a staircase to the Ecumenical Temple.
  2822 | D:4      | Noticed Sigmund
  2827 | D:4      | Killed Sigmund
  2827 | D:4      | Reached skill level 5 in Armour
  2827 | D:4      | Reached XP level 7. HP: 64/64 MP: 6/6
  2926 | D:5      | Entered Level 5 of the Dungeon
  2961 | D:5      | Reached skill level 7 in Long Blades
  3259 | D:5      | Noticed Menkaure
  3267 | D:5      | Killed Menkaure
  3295 | D:5      | Found a hide-covered altar of Uskayaw.
  3335 | D:5      | Found Rudgheq's Retail Resort.
  3448 | D:5      | Reached XP level 8. HP: 71/71 MP: 7/7
  3497 | D:5      | Reached **** piety under Trog
  3731 | D:6      | Reached skill level 8 in Long Blades
  4386 | D:7      | Reached skill level 9 in Long Blades
  4396 | D:7      | Reached XP level 9. HP: 70/81 MP: 8/8
  4474 | D:7      | Got a bound marble ring
  4479 | D:7      | Identified the ring of Day {+Fly Dex+7 SInv} (You found it on level 7 of the Dungeon)
  4581 | D:7      | Received a gift from Trog
  4743 | D:8      | Reached skill level 10 in Long Blades
  4848 | D:8      | Noticed a tengu warrior
  4852 | D:8      | Noticed a centaur warrior
  4867 | D:8      | HP: 4/124 [tengu warrior/enchanted halberd (9)]
  4871 | D:8      | Slain by a tengu warrior

Vault maps used:
D:1:      minmay_arrival_five_plusses, minmay_tromino_v7
D:2:      marbit_many_paths
D:3:      minitemple, first_bread, portal_sewer_entry_e, uniq_terence,
          uniq_jessica
D:4:      corexii_checkpoint_b, uniq_sigmund
D:5:      basic_altar, minmay_crystal_room, nicolae_alphabet_shops,
          uniq_menkaure
D:7:      grunt_livestock, item_on_display_a
D:8:      dpeg_oklobed_lair, grunt_decor_mini_mirrors, kb_rosetta

Skill      XL: |  1  2  3  4  5  6  7  8  9 |
---------------+----------------------------+-----
Long Blades    | 4 5 6 7 9 10 | 10.3
Fighting       | 4 5 6 8 9 |  9.1
Armour         | 3 4 5 7 9 |  9.7
Dodging        | |  2.1
Evocations     | |  0.1

Action                   |  1- 3 |  4- 6 |  7- 9 || total
-------------------------+-------+-------+-------++-------
Melee: Falchion          |    94 |   143 |    57 ||   294
       Headbutt          |    11 |    29 |    50 ||    90
       Long sword        |       |       |   171 ||   171
Throw: Tomahawk          |       |     7 |       ||     7
Invok: Berserk           |     1 |     1 |     3 ||     5
Evoke: Wand              |       |       |     1 ||     1
  Use: Scroll            |    10 |     7 |     7 ||    24
       Potion            |       |     1 |       ||     1
 Stab: Sleeping          |     1 |       |       ||     1
  Eat: Chunk             |     3 |     5 |     9 ||    17
Armor: Animal skin       |     7 |       |       ||     7
       Scale mail        |     8 |    55 |    47 ||   110
       Chain mail        |       |       |    73 ||    73
Dodge: Dodged            |    52 |    77 |    94 ||   223
